 Dungeon Crawl Stone Soup version 0.24-a0-291-g79c1ce7 (webtiles) character file.

Game seed: 12582472123470774440

30 galech the Skirmisher (level 3, 24/29 HPs)
             Began as a Demonspawn Fighter on May 9, 2019.
             Quit the game on level 1 of the Dungeon.
             The game lasted 00:00:35 (520 turns).

galech the Skirmisher (Demonspawn Fighter)           Turns: 520, Time: 00:00:36

Health: 24/29      AC:  6    Str: 16    XL:     3   Next: 3%
Magic:  3/3        EV:  6    Int:  9    God:
Gold:   40         SH:  9    Dex: 13    Spells: 2/2 levels left

rFire    + . .     SeeInvis .   a - +0 war axe
rCold    . . .     Gourm    .   c - +0 shield
rNeg     . . .     Faith    .   b - +0 scale mail
rPois    .         Spirit   .   (helmet restricted)
rElec    .         Reflect  .   (no cloak)
rCorr    .         Harm     .   (no gloves)
MR       .....                  (no boots)
Stlth    ..........             (no amulet)
HPRegen  0.09/turn              (no ring)
MPRegen  0.08/turn              (no ring)

@: no status effects
A: horns 1, fire resistance 1
a: no special abilities


You were on level 1 of the Dungeon.
You were not hungry.

You visited 1 branch of the dungeon, and saw 1 of its levels.

You collected 40 gold pieces.

Inventory:

Hand Weapons
 a - a +0 war axe (weapon)
Armour
 b - a +0 scale mail (worn)
 c - a +0 shield (worn)
Scrolls
 e - a scroll of blinking {unknown}
 g - a scroll of remove curse {unknown}
Potions
 d - a potion of might
 h - a potion of heal wounds {unknown}
Comestibles
 f - a ration


   Skills:
 + Level 3.2 Fighting
 + Level 2.2 Axes
 + Level 3.0 Armour
 + Level 3.0 Shields


You had 2 spell levels left.
You didn't know any spells.
Your spell library was empty.

Dungeon Overview and Level Annotations

Branches:
Dungeon (1/15)

Altars:


Innate Abilities, Weirdness & Mutations

You have a pair of small horns on your head.
Your flesh is heat resistant. (rF+)


Message History

You miss the goblin. The goblin hits you with a +0 dagger.
Your shield prevents you from hitting the goblin.
The goblin hits you with a +0 dagger. The goblin closely misses you.
You closely miss the goblin. The goblin hits you but does no damage.
You slash the goblin!
You kill the goblin!
No target in view!
No target in view!
No target in view!
You see here a +0 dagger.
There isn't anything to butcher here.
You open the door.
There is an open door here.
You see here 28 bolts.
You open the door.
There is an open door here.
You open the door.
There is an open door here.
h - a metallic black potion Are you sure you want to abandon this character and quit the game? (Confirm with "yes".)

....#
#.............#
#.... #.######
#.(...........#
#.... .......#
#.#'#'#...#.###
#.... #.####.#
#.#.#...#.#.#
#.... ..#..#.#
#.#.###.# #####
.......# #.#.#
#.#
##########.#.#
#.#
...........#.#
#.#
############.#
#@# #.# #.# ..#
.#.# #.### #


There were no monsters in sight!

Vanquished Creatures
  An ooze (D:1)
  2 dart slugs (D:1)
  2 goblins (D:1)
  4 hobgoblins (D:1)
  4 kobolds (D:1)
  A ball python (D:1)
  5 bats (D:1)
  2 rats (D:1)
21 creatures vanquished.

Notes
Turn   | Place    | Note
-------+----------+-------------------------------------------
     0 | D:1      | galech the Demonspawn Fighter began the quest for the Orb.
     0 | D:1      | Reached XP level 1. HP: 18/18 MP: 1/1
    70 | D:1      | Gained mutation: Your flesh is heat resistant. (rF+)
                  | [demonic ancestry]
    70 | D:1      | Reached XP level 2. HP: 19/24 MP: 2/2
   444 | D:1      | Gained mutation: You have a pair of small horns on your
                  | head. [demonic ancestry]
   444 | D:1      | Reached XP level 3. HP: 22/29 MP: 3/3
   520 | D:1      | Quit the game

Levels and vault maps discovered:
D:1:      dpeg_arrival_fog, layout_basic

Skill      XL: |  1  2 |
---------------+-------+-----
Axes           | 2 |  2.2
Shields        | 3 |  3.0
Armour         | 3 |  3.0
Fighting       | |  3.2

Action                   || total
-------------------------++-------
Melee: War axe           ||    53
Armor: Scale mail        ||    45
Dodge: Dodged            ||    21
Block: Shield            ||    38

Table legend:
 A = Non-vault XP
 B = Vault XP
 C = Vault XP percentage of total XP
 D = Non-vault monster count
 E = Vault monster count
 F = Vault count percentage of total count
                 A         B        C        D         E       F
            +---------+---------+-------+---------+---------+-------
      Total |      43 |       0 |   0.0 |      21 |       0 |   0.0
            +---------+---------+-------+---------+---------+-------
        D:1 |      43 |       0 |   0.0 |      21 |       0 |   0.0
            +---------+---------+-------+---------+---------+-------
